Cogmind - Beta 15 @@@ ROGUE MODE // 2025.07.03 @ 19:57:36 Player: korgoth Result: Destroyed by H-66 Slayer with Gauss Rifle Performance ------------- Evolutions (4) 2000 Regions Visited (5) 1000 Robots Destroyed (30) 150 Value Destroyed (1106) 1106 Prototype IDs (10) 200 Alien Tech Used (0) 0 Bonus (22) 22 TOTAL SCORE: 4478 Bonus ------- High Alert Combat Kills 22 Cogmind --------- Core Integrity 0/850 Matter 73/300 Energy 100/100 System Corruption 3% Temperature Cool (0) Movement Core (50) Location -6/Factory Parts ------- > --- POWER (2) -------- (None) > --- PROPULSION (4) --- (None) > --- UTILITY (7) ------ Improved Signal Interpreter Hacking Suite Improved Hacking Suite > --- WEAPON (2) ------- (None) > --- INVENTORY (5) ---- (None) Peak State ------------ > --- POWER ------------ Heavy Ion Engine > --- PROPULSION ------- Aerolev Unit Improved VTOL Module Improved VTOL Module Cooled Cesium-ion Thruster > --- UTILITY ---------- Advanced Weight Redist. System Trap Scanner Improved Signal Interpreter Improved Utility Shielding Hacking Suite Hacking Suite > --- WEAPON ----------- Enhanced Autogun Enhanced Autogun > --- INVENTORY -------- Light Nuclear Core Light Nuclear Core Flight Unit Enhanced Autogun Katana [Rating: 48] Favorites ----------- Power Ion Engine Engine Ion Engine Power Core Light Nuclear Core Propulsion Light Treads Treads Light Treads Leg Flexi-carbon Leg Hover Unit Aerolev Unit Flight Unit Improved VTOL Module Utility ECM Suite Device ECM Suite Storage Small Storage Unit Processor Improved Signal Interpreter Hackware Hacking Suite Protection Light Armor Plating Weapon Autogun Energy Gun Medium Laser Ballistic Gun Autogun Ballistic Cannon Light Cannon Launcher Grenade Launcher Slashing Weapon Katana Build | -11 -10 -9 -8 -7 -6 ------- Run | Yrd Mat Mat Mat Fac Fac Slots Evolved 8 | . . 2 2 2 2 Power 1 | . . . . . 1 Propulsion 2 | . . . 1 1 . Utility 5 | . . 2 1 1 1 Weapon . | . . . . . . Parts Attached 66 | 6 2 5 31 16 6 Power 10 | 1 . . 5 3 1 Engine 8 | 1 . . 4 3 . Core 2 | . . . 1 . 1 Reactor . | . . . . . . Propulsion 16 | 2 . . 8 2 4 Treads 5 | 2 . . 3 . . Leg 1 | . . . . . 1 Wheel . | . . . . . . Hover 2 | . . . . 1 1 Flight 8 | . . . 5 1 2 Utility 23 | 1 1 3 12 5 1 Device 8 | . 1 1 4 2 . Storage 3 | 1 . 1 1 . . Processor 3 | . . . 2 1 . Hackware 3 | . . . . 2 1 Protection 6 | . . 1 5 . . Artifact . | . . . . . . Weapon 17 | 2 1 2 6 6 . Energy Gun 8 | 2 . . 3 3 . Energy Cannon . | . . . . . . Ballistic Gun 4 | . . 1 . 3 . Ballistic Cannon 2 | . . 1 1 . . Launcher 2 | . 1 . 1 . . Special Weapon . | . . . . . . Impact Weapon . | . . . . . . Slashing Weapon 1 | . . . 1 . . Piercing Weapon . | . . . . . . Special Melee Weapon . | . . . . . . Unidentified Prototypes 8 | . . . 2 4 2 Parts Lost 39 | . . . 19 4 16 Power 7 | . . . 4 . 3 Propulsion 11 | . . . 3 2 6 Utility 13 | . . . 8 1 4 Weapon 8 | . . . 4 1 3 Highest Loss Streak 11 | . . . 6 3 11 To Critical Strikes . | . . . . . . Average Backups 7 | 2 4 8 10 4 3 Power 1 | . 1 1 1 1 1 Propulsion 2 | . . 1 3 1 1 Utility 2 | . . 2 3 . . Weapon 2 | 1 2 3 1 1 . Tool/Special . | . . . . . . Unused Backups 12 | . . 3 6 1 2 Power 2 | . . . 2 . . Propulsion 2 | . . 1 1 . . Utility 4 | . . 1 1 1 1 Weapon 4 | . . 1 2 . 1 Tool/Special . | . . . . . . Average Slot Usage (%) 80 | . 84 93 74 87 68 Engine 8 | . 14 11 6 6 4 Treads 14 | . 28 22 15 . . Flight 7 | . . . 8 23 11 Device 13 | . 3 19 10 18 12 Storage 7 | . 14 11 7 . . Processor 2 | . . . 2 3 6 Hackware 2 | . . . . 5 15 Protection 6 | . . 6 5 11 5 Energy Gun 4 | . 14 4 4 2 . Ballistic Gun 5 | . . 6 4 6 7 Ballistic Cannon 3 | . . 6 4 . . Launcher 2 | . 10 4 . . . Slashing Weapon 1 | . . . 1 4 . Peak Build Rating 48 | 6 7 12 31 39 48 Average Rating 18 | 4 5 10 17 35 36 On Entrance 15 | . 5 7 12 31 39 Naked Turns . | . . . . . . Heaviest Build 38 | 12 17 38 38 23 18 Greatest Support 60 | 40 40 40 60 27 29 Greatest Overweight (x) 9 | . . . 9 1 2 Average Overweight (x) . | . . . . . . Largest Inventory Capacity 15 | 8 8 15 15 5 5 Average Capacity 9 | 6 8 9 12 5 5 Most Carried 15 | 4 7 11 15 5 5 Average Carried 7 | 2 4 8 10 4 3 Final Capacity 15 | 8 8 15 5 5 5 Final Carried 11 | 3 6 11 3 4 . Class Distribution -------------------- 63% | Mutant 14% | Sprinter 10% | Hacker-Sprinter 7% | Hacker-Mutant 4% | Infiltrator-Mutant Dominant Class ---------------- Mutant | -10/Materials Mutant | -9/Materials Mutant | -8/Materials Infiltrator-Mutant | -7/Factory Hacker-Mutant | -6/Factory Resources | -11 -10 -9 -8 -7 -6 ----------- Run | Yrd Mat Mat Mat Fac Fac Matter Collected 1054 | 201 20 94 668 . 71 Remotely . | . . . . . . Salvage Created 1083 | . 20 94 936 33 . Parts 63 | . 2 5 53 3 . Haulers Intercepted 1 | . . . 1 . . Recyclers Shooed . | . . . . . . Parts Field Recycled . | . . . . . . Retrieved Matter . | . . . . . . Parts Self-Destructed . | . . . . . . Prevented . | . . . . . . Kills | -11 -10 -9 -8 -7 -6 ------- Run | Yrd Mat Mat Mat Fac Fac Combat Hostiles Destroyed 27 | . 1 2 21 3 . Melee 3 | . . . 3 . . Guns 13 | . . 1 10 2 . Cannons 9 | . . 1 8 . . AOE 2 | . 1 . . 1 . Classes Destroyed 7 | . 2 1 4 . . Worker 1 | . . . 1 . . Hauler 1 | . . . 1 . . Watcher 1 | . 1 . . . . Swarmer 6 | . . . 3 3 . Grunt 15 | . 1 . 14 . . Brawler 1 | . . . 1 . . Sentry 5 | . . 2 3 . . Best Kill Streak 5 | . 1 1 5 3 . Combat Bots Only 5 | . 1 1 5 3 . Max Kills in Single Turn 1 | . 1 1 1 1 . Gunslinging . | . . . . . . Exploded 1 | . 1 . . 1 . Melee 1 | . . . 1 . . Uniques/NPCs Destroyed . | . . . . . . Combat | -11 -10 -9 -8 -7 -6 -------- Run | Yrd Mat Mat Mat Fac Fac Hostile Shots Fired 618 | . 4 22 283 32 277 Missed 240 | . 1 8 86 7 138 Hits 378 | . 3 14 197 25 139 Melee 4 | . . . 4 . . Projectile 374 | . 3 14 193 25 139 Critical Strikes 10 | . . 1 8 . 1 Damage Taken 5691 | . 32 173 2992 537 1957 Core 1623 | . 20 15 532 188 868 Absorbed by Shields 102 | . . 33 69 . . Redirected to Shielding 100 | . . . . . 100 Regen/Repaired (Parts) 35 | . . . . . 35 Core Remaining (%) 72 | 100 92 96 3 73 . Volleys Fired 109 | 3 4 11 78 13 . Largest 2 | 1 2 2 2 2 . Hottest 122 | 50 80 53 122 80 . Shots Fired 170 | 3 8 15 125 19 . Gun 127 | 3 4 11 90 19 . Cannon 39 | . . 4 35 . . Launcher 4 | . 4 . . . . Special . | . . . . . . Kinetic 94 | . . 8 73 13 . Thermal 72 | 3 4 7 52 6 . Explosive 4 | . 4 . . . . Electromagnetic . | . . . . . . Robot Hit Streak 16 | 3 7 3 16 3 . Robot Miss Streak 3 | . 3 1 2 3 . Penetration Max . | . . . . . . Secondary Targets . | . . . . . . Shots Hit Robots 132 | 3 5 9 99 16 . Core Hits 49 | . 3 3 38 5 . Critical Kills . | . . . . . . Critical Parts Destroyed . | . . . . . . Critical Strikes 5 | 1 . . 4 . . Burn 3 | 1 . . 2 . . Sever 2 | . . . 2 . . Melee Attacks 12 | . . . 12 . . Impact . | . . . . . . Slashing 12 | . . . 12 . . Piercing . | . . . . . . Sneak Attacks . | . . . . . . Combat Hostiles . | . . . . . . Follow-up Attacks . | . . . . . . Damage Inflicted 2661 | 37 138 137 1984 365 . Guns 1640 | 37 25 63 1283 232 . Cannons 537 | . . 74 463 . . Explosions 246 | . 113 . . 133 . Melee 238 | . . . 238 . . Ramming . | . . . . . . Kinetic 1188 | . . 87 946 155 . Thermal 989 | 37 25 50 800 77 . Explosive 246 | . 113 . . 133 . Electromagnetic . | . . . . . . Impact . | . . . . . . Slashing 238 | . . . 238 . . Piercing . | . . . . . . Highest Corruption 3 | . . . 3 . 3 Average Corruption 2 | . . . 2 . 2 Corruption Purged . | . . . . . . Corruption Blocked . | . . . . . . Effects 2 | . . . 1 . 1 Message Errors 1 | . . . . . 1 Matter Fused 1 | . . . 1 . . Overload Shots . | . . . . . . Overflow Damage 46 | . . . 5 41 . Projectiles 5 | . . . 5 . . Explosions 41 | . . . . 41 . Melee . | . . . . . . Knockbacks 6 | . . . 6 . . Impact . | . . . . . . Kinetic 6 | . . . 6 . . Secondary . | . . . . . . Self-Inflicted Damage 160 | . . . . 160 . Shots 2 | . . . . 2 . Rammed . | . . . . . . Targets Rammed . | . . . . . . Kicked . | . . . . . . Crushed . | . . . . . . Highest Temperature 379 | 30 72 30 379 314 . Average Temperature 104 | 16 35 15 123 72 . Received Heat Transfer 1584 | . 18 63 1452 . 51 Effects 8 | . . . 7 1 . Shutdowns 1 | . . . 1 . . Energy Bleed 3 | . . . 3 . . Interference 3 | . . . 3 . . Matter Decay 1 | . . . . 1 . Siege Activations . | . . . . . . Martial Activations . | . . . . . . Shielding Activations . | . . . . . . Robots Disrupted . | . . . . . . Combat Hostiles . | . . . . . . Robots Corrupted . | . . . . . . Combat Hostiles . | . . . . . . Parts Fried . | . . . . . . Impact Corruptions . | . . . . . . Robots Melted . | . . . . . . Combat Hostiles . | . . . . . . Parts Melted 4 | . . 2 2 . . Heat Transferred 2183 | 185 74 148 1628 148 . Parts Sabotaged . | . . . . . . Parts Stolen . | . . . . . . Parts Stripped . | . . . . . . Power Chain Reactions . | . . . . . . Alert | -11 -10 -9 -8 -7 -6 ------- Run | Yrd Mat Mat Mat Fac Fac Maximum Alert Level 2 | . . . 2 1 1 Low Security (%) 83 | 100 100 100 78 92 48 Level 1 15 | . . . 18 7 51 Level 2 1 | . . . 2 . . Level 3 . | . . . . . . Level 4 . | . . . . . . Level 5 . | . . . . . . High Security . | . . . . . . Max Security . | . . . . . . Peak Influence 402 | . 55 30 402 212 298 Initial 179 | . . . . 179 88 Average 88 | . 14 3 117 151 185 Influence Increases 1604 | . 80 60 876 183 405 Destroy 0b10 Robot/C 540 | . 20 40 420 60 . Destroy 0b10 Robot/NC 15 | . 5 . 10 . . Destroy Leader 134 | . 12 20 92 10 . Successful Hack 37 | . 5 . 22 10 . Disable Machine 30 | . . . . 30 . Destroy Structure 53 | . 23 . 2 28 . Partial Spotted 150 | . . . 75 45 30 Lose Combat Pursuer 645 | . 15 . 255 . 375 Influence Decreases 1451 | . 80 60 480 397 434 Entered New Map 311 | . . . . 217 94 Time Decay 770 | . 80 60 310 140 180 Lost Part 370 | . . . 170 40 160 Squads Dispatched 10 | . 2 . 5 1 2 Investigation 4 | . . . 3 1 . Extermination 2 | . . . . . 2 Reinforcement 4 | . 2 . 2 . . Assault . | . . . . . . Garrison . | . . . . . . Intercept . | . . . . . . Searches Triggered . | . . . . . . Construction Impeded . | . . . . . . Haulers Reinforced . | . . . . . . Active Scanning Responses . | . . . . . . Cargo Convoy Interrupts . | . . . . . . Stealth | -11 -10 -9 -8 -7 -6 --------- Run | Yrd Mat Mat Mat Fac Fac Distress Signals 5 | . 1 . 3 . 1 Communications Jammed . | . . . . . . Distress Signals . | . . . . . . Times Spotted 103 | . 6 7 50 3 37 Peak Tracking Total 12 | . 3 2 12 3 10 Tactical Retreats 17 | . 1 . 7 . 9 Traps | -11 -10 -9 -8 -7 -6 ------- Run | Yrd Mat Mat Mat Fac Fac Traps Triggered 3 | . . . 2 1 . Indirectly . | . . . . . . Trap Hack Attempts . | . . . . . . Triggered . | . . . . . . Disarmed . | . . . . . . Reprogrammed . | . . . . . . Reused . | . . . . . . Traps Extracted . | . . . . . . Installed . | . . . . . . Triggered . | . . . . . . Machines | -11 -10 -9 -8 -7 -6 ---------- Run | Yrd Mat Mat Mat Fac Fac Machines Disabled 2 | . . . . 2 . Max in Single Turn 2 | . . . . 2 . Machines Repaired . | . . . . . . Machines Dismantled . | . . . . . . Machines Sabotaged . | . . . . . . Overloaded Fab Kills . | . . . . . . Hacking | -11 -10 -9 -8 -7 -6 --------- Run | Yrd Mat Mat Mat Fac Fac Machines Accessed 9 | . 1 1 4 1 2 Terminals 5 | . 1 1 2 1 . Fabricators . | . . . . . . Repair Stations 2 | . . . 1 . 1 Recycling Units 2 | . . . 1 . 1 Scanalyzers . | . . . . . . Garrison Access . | . . . . . . Total Hacks 18 | . 2 3 8 2 3 Successful 9 | . 1 . 5 1 2 Failed 9 | . 1 3 3 1 1 Catastrophic 3 | . 1 1 1 . . Database Lockouts . | . . . . . . Manual 8 | . 1 2 4 1 . Terminals 12 | . 2 3 5 2 . Fabricators . | . . . . . . Repair Stations 4 | . . . 2 . 2 Recycling Units 2 | . . . 1 . 1 Scanalyzers . | . . . . . . Garrison Access . | . . . . . . Terminal Hacks 5 | . 1 . 3 1 . Prototype ID Bank 1 | . . . 1 . . Level Access Points 1 | . . . 1 . . Branch Access Points 1 | . . . 1 . . Zone Layout 2 | . 1 . . 1 . Fabricator Hacks . | . . . . . . Repair Station Hacks 3 | . . . 1 . 2 Scan Component 2 | . . . 1 . 1 Repair 1 | . . . . . 1 Recycling Unit Hacks 1 | . . . 1 . . Report Inventory 1 | . . . 1 . . Scanalyzer . | . . . . . . Garrison Access Hacks . | . . . . . . Unauthorized Hacks . | . . . . . . Terminals . | . . . . . . Fabricators . | . . . . . . Repair Stations . | . . . . . . Recycling Units . | . . . . . . Scanalyzers . | . . . . . . Garrison Access . | . . . . . . Data Cores Recovered . | . . . . . . Used . | . . . . . . Hacking Detections 4 | . 1 1 1 . 1 Full Trace Events 3 | . 1 1 1 . . Feedback Events . | . . . . . . Feedback Blocked . | . . . . . . Robot Schematics Acquired . | . . . . . . Robots Built . | . . . . . . Authchips . | . . . . . . Time . | . . . . . . Total Robot Build Rating . | . . . . . . Part Schematics Acquired . | . . . . . . Parts Built . | . . . . . . Authchips . | . . . . . . Time . | . . . . . . Total Part Build Rating . | . . . . . . Parts Repaired 1 | . . . . . 1 Time 30 | . . . . . 30 Parts Recycled . | . . . . . . Recycled Matter . | . . . . . . Retrieved Matter . | . . . . . . Retrieved Components . | . . . . . . Parts Scanalyzed . | . . . . . . Part Schematics Acquired . | . . . . . . Parts Damaged . | . . . . . . Bothacking | -11 -10 -9 -8 -7 -6 ------------ Run | Yrd Mat Mat Mat Fac Fac Used RIF Installer . | . . . . . . Robots Hacked . | . . . . . . Non-combat . | . . . . . . Combat . | . . . . . . Robot Hacks Applied . | . . . . . . Relay Couplers Released . | . . . . . . Fabnet Peak Effective % . | . . . . . . Robots Rewired . | . . . . . . Allies Hacked . | . . . . . . Hacks Repelled . | . . . . . . Allies | -11 -10 -9 -8 -7 -6 -------- Run | Yrd Mat Mat Mat Fac Fac Total Allies . | . . . . . . Largest Group . | . . . . . . Highest-Rated Group . | . . . . . . Highest-Rated Ally . | . . . . . . Total Orders . | . . . . . . Ally Attacks . | . . . . . . Total Damage . | . . . . . . Kills . | . . . . . . Allies Corrupted . | . . . . . . Allies Melted . | . . . . . . Intel | -11 -10 -9 -8 -7 -6 ------- Run | Yrd Mat Mat Mat Fac Fac Active Infowar (turns) 1443 | . 64 610 307 148 314 Traps 452 | . . . . 138 314 Jamming 59 | . . . 49 10 . ECM 933 | . 64 610 258 1 . Robot Analysis Total . | . . . . . . Derelict Logs Recovered . | . . . . . . Drone Launches . | . . . . . . Drone Recoveries . | . . . . . . Exploration | -11 -10 -9 -8 -7 -6 ------------- Run | Yrd Mat Mat Mat Fac Fac Turns Passed 2593 | 78 292 610 968 283 362 Spaces Moved 2597 | 42 171 354 723 482 825 Core 109 | 8 . . 13 81 7 Treads 798 | 34 171 354 239 . . Legs 12 | . . . . . 12 Wheels . | . . . . . . Hover . | . . . . . . Flight 1678 | . . . 471 401 806 Fastest Speed 27 | 50 160 160 29 27 27 Average Speed 77 | 139 160 160 83 40 36 Slowest Speed 500 | 160 160 160 500 100 200 Overloaded Moves . | . . . . . . Propulsion Burnouts . | . . . . . . Robots Hopped 7 | . . . 4 2 1 Potential Cave-ins . | . . . . . . Cave-ins Triggered . | . . . . . . Exploration Rate (%) 28 | 4 31 34 59 11 30 Regions Visited 5 Branch Regions . Pre-discovered Areas . | . . . . . . Known Exits Taken 2 | . . . 1 1 . Unknown Exits Taken 3 | 1 1 1 . . . Scrap Searched . | . . . . . . Spaces Dug . | . . . . . . Terrain Destroyed 61 | . 31 . . 30 . Melee . | . . . . . . Projectile . | . . . . . . AOE 61 | . 31 . . 30 . Terrain Rammed . | . . . . . . Walls Destroyed . | . . . . . . Machines Disabled . | . . . . . . Actions | -11 -10 -9 -8 -7 -6 --------- Run | Yrd Mat Mat Mat Fac Fac Total 3010 | 59 182 386 949 550 884 Wait 88 | . 1 . 49 4 34 Move 2578 | 41 170 353 714 477 823 Hop 7 | . . . 4 2 1 Pick Up 88 | 8 5 12 33 20 10 Fast Attach . | . . . . . . Attach 56 | 6 2 3 25 11 9 Detach 2 | 1 . . . 1 . Swap 25 | . . 2 13 9 1 Drop 45 | . . 5 21 13 6 Fire 109 | 3 4 11 78 13 . Melee 12 | . . . 12 . . Ram . | . . . . . . Kick . | . . . . . . Crush . | . . . . . . Escape Stasis . | . . . . . . Rewire . | . . . . . . Trap . | . . . . . . Miscellaneous . | . . . . . . Route ------- -11/Scrapyard -10/Materials -9/Materials -8/Materials (discovered 3 exits: *Fac x3) -7/Factory -6/Factory History --------- Turn | Location | Event 9 | -11/Scrapyard | Discovered new exit (range 14) 79 | -11/Scrapyard | Entered Materials 328 | -10/Materials | Build established: Mutant 338 | -10/Materials | Discovered new exit (range 14) 371 | -10/Materials | Entered another Materials area 371 | -9/Materials | Evolved 2 slots: Utility x2 630 | -9/Materials | Discovered new exit (range 4) 981 | -9/Materials | Entered another Materials area 981 | -8/Materials | Evolved 2 slots: Propulsion x1, Utility x1 1378 | -8/Materials | Identified exit to Factory 1570 | -8/Materials | Lost 5 parts (1p2n1u1w) 1606 | -8/Materials | Core integrity fell below 50% 1671 | -8/Materials | Core integrity fell below 20% 1858 | -8/Materials | Lost 6 parts (1p4u1w) 1949 | -8/Materials | Entered Factory 1949 | -7/Factory | Evolved 2 slots: Propulsion x1, Utility x1 2161 | -7/Factory | Lost 3 parts (2n1u) 2210 | -7/Factory | Discovered new exit (range 11) 2212 | -7/Factory | Identified exit to Factory 2232 | -7/Factory | Entered another Factory area 2232 | -6/Factory | Evolved 2 slots: Power x1, Utility x1 2301 | -6/Factory | Repaired Imp. VTOL Module 2479 | -6/Factory | Spotted B-75 Beast 2520 | -6/Factory | Lost 3 parts (1p1n1w) 2521 | -6/Factory | Core integrity fell below 50% 2572 | -6/Factory | Core integrity fell below 20% 2594 | -6/Factory | Destroyed by H-66 Slayer with Gauss Rifle Last Messages --------------- Slug penetrates Door. Slug penetrates Nuclear Reactor. ALERT: Security rotation in progress. K-01 Serf destroyed. Xenon Bombardment Thruster destroyed. Hacking Suite destroyed. Acquired Flexi-carbon Leg. Adv. Weight Redist. System destroyed. Imp. Utility Shielding destroyed. Flight Unit destroyed. Slug penetrates Nuclear Reactor. Lgt. Nuclear Core destroyed. Penetrated by Slug. Katana destroyed. Trap Scanner destroyed. PP=WNN D OZDUSGY4TGT Slug penetrates Wall. H-66 Slayer destroyed. Flexi-carbon Leg destroyed. Penetrated by Slug. Map ----- +----------------------------------------------------+ | ???????????????????????# # #??????? | | ???????????????????????# # """" """" #??????? | | ???????????????????????# # """" """" #??????? | | ???????????????????????# # """" """" #??????? | | ???????????????????????# # """" """" #??????? | | ???????????????????????# # #??????? | | ???????????????????????# # """ """" #??????? | | ???????????????????????# # """ """" #??????? | | ???????????????????????# % # """ """" #??????? | | ???????????????????????# # """" #??????? | | ???????????????????????# # #??????? | | ???????????????????????# ##############??????? | | ???????????????????????# # #??????? | | ???????????????????????# # #??????? | | ????????????############ # #??????? | | ??????????# + + """ """ #??????? | | ???????????? """ """ # # """ """ #??????? | | ???????????? """ """ # """ """ #??????? | | ??????????# """ """ # * #??????? | | ??????????# # =% %""" #??????? | | ??????????# """ """ # h [""" #??????? | | ??????????? """ """ # s %[ """ #??????? | | ??????????# """ """ # =s #??????? | | ??????????# # p #??????? | | ??????????# # #####??????? | | ??????????# + @ #??????????? | | ??????????# ######### ######??????????? | | ??????????##############?????????#???????????????? | | ?????????????????????????????????????????????????? | | ?????????????????????????????????????????????????? | | ?????????????????????????????????????????????????? | | ?????????????????????????????????????????????????? | | ?????????????????????????????????????????????????? | | ?????????????????????????????????????????????????? | | ?????????????????????????????????????????????????? | | ?????????????????????????????????????????????????? | | ?????????????????????????????????????????????????? | | ?????????????????????????????????????????????????? | | | | | | | | | | | | | | | | | | | | | | | | | +----------------------------------------------------+ Best States ------------- Heat Dissipation 37 Energy Generation 16 Energy Capacity 290 Matter Stores 300 Matter Capacity 300 Sight Range 16 Terrain Scan Density 110 ECM Strength 1 Jamming Range 12 Additional Mass Support 9 Armor Coverage 300 Utility Shielding 66 Evasion (%) 64 Recoil Reduction 3 Offensive Hacking 32 Item Schematics ----------------- None Robot Schematics ------------------ None Fabricated ------------ Nothing Repaired ---------- Imp. VTOL Module | 30% | -6/Factory Alien Tech Used ----------------- None Achievements -------------- None Challenges ------------ None Game ------ Seed DisintegrationSpikedTether Manual? 0 Play Time 01:04:09 Cumulative 41.2 hours Start 2025.07.03 @ 18:44:40 End 2025.07.03 @ 19:57:36 Sessions 1 Manual Loads 0 Difficulty Rogue Special Mode None Game No. 46 Rogue 36 Adventurer 10 Explorer 0 Win Type - Total 1 Types 1/0/0/0/0/0/0/0/0/0 Lore% 20 Gallery% 29 Achievement% 26 Wizard Run 0 Options --------- Layout 1 ASCII 0 Keyboard 0 Movement Numpad Keybinds 0 Fullscreen 1 Font 24/Smallcaps Map View 50x35 Zoom Use 0% Tactical HUD 0 Map Filters NONE Filters NONE Steam 1 RUN: bbafb2f0-c295-4828-911d-7aa1a691732b